 Dungeon Crawl Stone Soup version 0.17.1-3-g152610e (webtiles) character file.

831 Locuples the Cleaver (level 7, 0/64 HPs)
             Began as a Minotaur Fighter on Mar 25, 2016.
             Slain by an adder (4 damage)
             ... on level 5 of the Dungeon.
             The game lasted 00:23:37 (3509 turns).

Locuples the Cleaver (Minotaur Fighter)             Turns: 3509, Time: 00:23:37

Health: 0/64       AC: 14    Str: 23    XL:     7   Next: 65%
Magic:  6/6        EV:  4    Int:  5    God:
Gold:   54         SH:  9    Dex:  9    Spells: 0 memorised, 6 levels left

rFire  . . .     SeeInvis .     a - +0 war axe
rCold  . . .     Clarity  .     g - +0 plate armour
rNeg   . . .     SustAt   .     c - +0 shield
rPois  .         Gourm    .     (helmet restricted)
rElec  .         Spirit   .     v - +1 cloak
rCorr  .         Warding  .     (no gloves)
rMut   .         Stasis   .     (no boots)
MR     .....                    (no amulet)
Stlth  ..........               (no ring)
                                (no ring)

@: lethally poisoned (0 -> -2), not resistant to hostile enchantments, extremely
unstealthy
A: retaliatory headbutt, horns 2
a: no special abilities


You were on level 5 of the Dungeon.
You were not hungry.

You visited 1 branch of the dungeon, and saw 5 of its levels.

You collected 255 gold pieces.
You spent 201 gold pieces at shops.

Inventory:

Hand Weapons
 a - a +0 war axe (weapon)
Armour
 c - a +0 shield (worn)
 g - a +0 plate armour (worn)
 v - a +1 cloak (worn)
Wands
 x - a wand of fire (12)
Scrolls
 b - 4 scrolls of teleportation {unknown}
 f - a scroll of fear
 h - 3 scrolls of remove curse {unknown}
 j - 2 scrolls of identify {unknown}
 l - 2 scrolls of random uselessness {unknown}
 n - a scroll of amnesia {unknown}
 q - 3 scrolls of magic mapping {unknown}
 r - 2 scrolls of enchant armour
 u - 3 scrolls of recharging
 w - a scroll of noise {unknown}
Potions
 d - a potion of flight {unknown}
 i - 2 potions of agility
 m - a potion of mutation {unknown}
 o - a potion of brilliance {unknown}
 t - a potion of magic {unknown}
Books
 s - the Reference Book on Ignition
   (You found it on level 4 of the Dungeon)

   Spells                             Type                      Level
   a - Throw Flame                    Conjuration/Fire             2
   b - Conjure Flame                  Conjuration/Fire             3
   c - Inner Flame                    Hexes/Fire                   3
Comestibles
 e - 4 bread rations
 k - 2 chunks of flesh
 p - 3 meat rations


   Skills:
 + Level 6.8 Fighting
 * Level 8.7 Axes
 + Level 4.1 Armour
 - Level 3.7 Shields


You had 6 spell levels left.
You didn't know any spells.

Dungeon Overview and Level Annotations

Branches:
Dungeon (5/15)
 Temple: D:4-7

Altars:
Elyvilon
Fedhas
Makhleb
Qazlal
Sif Muna
Trog

Shops:
D:4 =*%


Innate Abilities, Weirdness & Mutations

You reflexively headbutt those who attack you in melee.
You have a pair of horns on your head.


Message History

The adder bites you but does no damage.
You hit the adder. Your headbutt misses the adder.
The adder is moderately wounded.
The adder bites you but does no damage.
You barely miss the adder. Your headbutt misses the adder.
The adder is moderately wounded.
You block the adder's attack. x2
You miss the adder.
The adder is moderately wounded.
The adder bites you.
* * * LOW HITPOINT WARNING * * *
You are poisoned.
The adder poisons you!
You barely miss the adder.
The adder is moderately wounded.
You feel sick. You block the adder's attack. The adder barely misses you.
You closely miss the adder. Your headbutt misses the adder.
The adder is moderately wounded.
The adder bites you.
You die...

#...#..... #.#
###.........##.##
.....#.........###
#(..#.. #.##...# #...).#
#..##..###### #.....#
##........... #.....#
##............
......##S###.............
..... #@.##.............
.... ##..#.............
..$ ##.#............. .>
#............... .
##..............
#.#..(..(......
.........##....
###.####.##..... #.#
#.......<


You could see an adder.

Vanquished Creatures
  The ghost of jesusflecha the Conjurer, a novice HECj of Vehumet (D:5)
  Sigmund (D:2)
  An ogre (D:4)
  Crazy Yiuf (D:3)
  An orc priest (D:3)
  2 hounds (D:4)
  An orc wizard (D:3)
  6 worker ants (D:4)
  5 adders
  2 oozes (D:4)
  An adder skeleton (D:5)
  2 worms
  7 orcs
  6 bats
  5 giant cockroaches
  7 hobgoblins
  12 jackals
  6 quokkas
  2 giant geckos
  5 giant newts
  A goblin (D:1)
  A jackal skeleton (D:4)
  4 kobolds
  7 rats
87 creatures vanquished.

Vanquished Creatures (others)
  An orc (D:5)
  2 fulminant prisms (D:5)
3 creatures vanquished.

Grand Total: 90 creatures vanquished

Notes
Turn   | Place    | Note
--------------------------------------------------------------
     0 | D:1      | Locuples the Minotaur Fighter began the quest for the Orb.
     0 | D:1      | Reached XP level 1. HP: 19/19 MP: 0/0
   417 | D:1      | Reached skill level 4 in Fighting
   449 | D:1      | Reached XP level 2. HP: 25/27 MP: 1/1
  1259 | D:2      | Reached XP level 3. HP: 29/34 MP: 2/2
  1303 | D:2      | Noticed Sigmund
  1327 | D:2      | Killed Sigmund
  1327 | D:2      | Reached skill level 5 in Fighting
  1327 | D:2      | Reached skill level 5 in Axes
  1327 | D:2      | Reached XP level 4. HP: 32/42 MP: 3/3
  1327 | D:2      | Reached XP level 5. HP: 37/49 MP: 4/4
  1653 | D:2      | Found a white marble altar of Elyvilon.
  1777 | D:2      | Found a burning altar of Makhleb.
  1778 | D:2      | Found a stormy altar of Qazlal.
  1961 | D:3      | Found a deep blue altar of Sif Muna.
  1969 | D:3      | Found a blossoming altar of Fedhas.
  2016 | D:3      | Reached XP level 6. HP: 47/57 MP: 5/5
  2209 | D:3      | Found a bloodstained altar of Trog.
  2302 | D:3      | Reached skill level 6 in Axes
  2364 | D:3      | Noticed Crazy Yiuf
  2372 | D:3      | Killed Crazy Yiuf
  2562 | D:4      | Identified the Reference Book on Ignition
  2590 | D:4      | Found Elausegg's Assorted Antiques.
  2595 | D:4      | Bought a scroll labeled ANLIRU SOZIMAQ for 24 gold pieces
  2595 | D:4      | Bought a scroll labeled ZEODWE KA WIGU for 24 gold pieces
  2595 | D:4      | Bought a glowing green potion for 21 gold pieces
  2595 | D:4      | Bought a scroll labeled NEVOR VERAE for 24 gold pieces
  2595 | D:4      | Bought a scroll labeled AKHIORROYGACO for 24 gold pieces
  2595 | D:4      | Bought a scroll labeled JOENTA ZYNI for 24 gold pieces
  2680 | D:4      | Reached skill level 7 in Axes
  2771 | D:4      | Reached XP level 7. HP: 26/64 MP: 6/6
  3012 | D:4      | Reached skill level 8 in Axes
  3124 | D:4      | Found Totzuwun's Food Shop.
  3131 | D:4      | Bought a meat ration for 60 gold pieces
  3305 | D:4      | Found Zafosm's Jewellery Boutique.
  3403 | D:5      | Entered Level 5 of the Dungeon
  3481 | D:5      | Noticed jesusflecha's ghost (novice HECj)
  3491 | D:5      | Killed jesusflecha's ghost
  3509 | D:5      | Slain by an adder

Action                   |  1- 3 |  4- 6 |  7- 9 || total
-------------------------+-------+-------+-------++-------
Melee: War axe           |    87 |   113 |    73 ||   273
  Use: Potion            |     4 |     2 |       ||     6
       Scroll            |       |     4 |       ||     4
  Eat: Chunk             |     1 |     5 |     3 ||     9
